 Dungeon Crawl Stone Soup version 0.27-a0-1196-g3e9cee4cb2 (webtiles) character file.

Game seed: 13152124123680371671

30 Kold the Insei (level 3, -5/23 HPs)
             Began as an Octopode Transmuter on May 28, 2021.
             Slain by a worm (12 damage)
             ... on level 2 of the Dungeon.
             The game lasted 00:01:27 (1878 turns).

Kold the Insei (Octopode Transmuter)                Turns: 1878, Time: 00:01:28

Health: -5/23      AC:  1    Str:  9    XL:     3   Next: 18%
Magic:  5/6        EV: 13    Int: 16    God:
Gold:   73         SH:  0    Dex: 12    Spells: 2/6 levels left

rFire    . . .     SeeInvis .     - Unarmed
rCold    . . .     Faith    .   (no shield)
rNeg     . . .     Spirit   .   (helmet currently unavailable)
rPois    .         Reflect  .   (no amulet)
rElec    .         Harm     .   (no ring)
rCorr    .         Rampage  .   (no ring)
Will     .....                  (no ring)
Stlth    +++.......             (no ring)
HPRegen  0.07/turn              (no ring)
MPRegen  0.10/turn              (no ring)
                                (no ring)
                                (no ring)

@: appendages
A: tentacle spike 3, almost no armour, amphibious, 8 rings, camouflage 1,
gelatinous body 1, (nimble swimmer 1), tentacles
a: End Transformation


You were on level 2 of the Dungeon.
One of your tentacles had grown a beastly spike.
You visited 1 branch of the dungeon, and saw 2 of its levels.

You collected 73 gold pieces.

Inventory:

Scrolls
 a - a scroll of amnesia {unknown}
 b - a scroll of enchant armour {unknown}
 d - a scroll of noise {unknown}
 e - a scroll of fog {unknown}
 f - a scroll of magic mapping {unknown}
 g - a scroll of teleportation {unknown}
Potions
 c - a potion of haste {unknown}
 h - 2 potions of brilliance {unknown}


   Skills:
 - Level 1.0 Fighting
 - Level 2.0 Dodging
 - Level 2.0 Stealth
 - Level 3.3 Unarmed Combat
 - Level 2.0 Spellcasting
 + Level 2.7 Transmutations


You had 2 spell levels left.
You knew the following spells:

 Your Spells              Type           Power      Damage    Failure   Level
a - Beastly Appendage     Tmut           20%        N/A       7%          1
b - Spider Form           Tmut/Pois      3%         N/A       34%         3

Your spell library contained the following spells:

 Spells                   Type           Power      Damage    Failure   Level
 Wereblood                Tmut           10%        N/A       10%         2
 Ice Form                 Ice/Tmut       6%         N/A       75%         4
 Hydra Form               Tmut           5%         N/A       88%         5


Dungeon Overview and Level Annotations

Branches:
Dungeon (2/15)

Altars:


Innate Abilities, Weirdness & Mutations

One of your tentacles has grown a beastly spike.
You cannot wear most types of armour.
You are amphibious.
You can wear up to eight rings at the same time.
Your skin changes colour to match your surroundings (Stealth+).
Your rubbery body absorbs attacks. (AC +1, EV +1)
((You are camouflaged near water. (Stealth+)))
You have tentacles for arms and can constrict up to eight enemies at once.


Message History

You now have 64 gold pieces (gained 9).
You now have 73 gold pieces (gained 9).
h - 2 metallic green potions (gained 1)
A goblin comes into view.
It is wielding a +3 dagger of electrocution.
Found a barding.
A goblin is nearby!
The goblin shouts!
You tentacle-slap the goblin.
You kill the goblin!
No target in view!
Things that are here:
a +3 dagger of electrocution; a goblin corpse
Found a glowing dagger.
A worm comes into view.
You see here a +0 dagger of holy wrath.
A kobold comes into view. It is wielding a +0 flail.
The kobold shouts!
The kobold throws a stone.
The stone hits you.
Casting: Beastly Appendage (safe; 7% risk of failure)
Confirm with . or Enter, or press ? or * to list all spells.
One of your tentacles grows a vicious spike.
The kobold throws a stone.
The stone hits you.
You tentacle-slap the worm. Your grab misses the worm.
The worm is lightly wounded.
The kobold throws a stone.
The stone hits you.
You tentacle-slap the worm. You grab the worm.
The worm is lightly wounded.
You constrict the worm, but do no damage.
The worm bites you!
The kobold throws a stone.
The stone hits you but does no damage.
You are too injured to fight recklessly!
You are too injured to fight recklessly!
You tentacle-slap the worm.
You pierce the worm.
The worm is moderately wounded.
You constrict the worm.
The kobold throws a stone.
The stone hits you.
You tentacle-slap the worm.
You pierce the worm.
The worm is almost dead.
You constrict the worm. The worm bites you!
Ouch! That really hurt!
You die...

#........[# #.#
#..###.##.# #.####
#.. #.##.#####.....
#..###.##.......####
#.....)......####
##.###.#######
#.....#####
#..........#
#w@..#####.#
#.........#
............#
##.#####.....# #
.K...... ......##.
......# ......


You could see a worm and a kobold.

Vanquished Creatures
  2 dart slugs (D:1)
  2 endoplasms (D:1)
  A giant cockroach (D:1)
  6 goblins
  3 hobgoblins (D:1)
  A quokka (D:1)
  A ball python (D:1)
  2 bats (D:1)
  A frilled lizard (D:1)
  3 kobolds
  2 rats (D:1)
24 creatures vanquished.

Notes
Turn   | Place    | Note
-------+----------+-------------------------------------------
     0 | D:1      | Kold the Octopode Transmuter began the quest for the Orb.
     0 | D:1      | Reached XP level 1. HP: 13/13 MP: 3/3
   524 | D:1      | Reached skill level 1 in Stealth
   527 | D:1      | Reached XP level 2. HP: 11/18 MP: 5/5
  1208 | D:1      | Reached XP level 3. HP: 13/23 MP: 6/6
  1352 | D:1      | Learned a level 3 spell: Spider Form
  1649 | D:2      | Found a faded altar of an unknown god.
  1878 | D:2      | Slain by a worm

Illustrated notes

Levels and vault maps discovered:
D:1:      lemuel_arrival_funnel, layout_rooms, minmay_tromino_v4_b
D:2:      layout_loops_ring, basic_altar, ebering_ecumenical_altar_box

Skill      XL: |  1  2  3 |
---------------+----------+-----
Stealth        | 1 2 |  2.0
Fighting       | |  1.0
Dodging        | |  2.0
Unarmed Combat | |  3.3
Spellcasting   | |  2.0
Transmutations | |  2.7

Action                   || total
-------------------------++-------
Melee: Unarmed           ||    52
       Constrict         ||    14
       Tentacles         ||    10
       Kick              ||     3
 Cast: Beastly Appendage ||     4
 Stab: Sleeping          ||     2
       Distracted        ||     1
Armor: Skin              ||     1
Dodge: Dodged            ||    17

Table legend: (Time is in decaauts)
 A = Elapsed time spent in this place.
 B = Non-inter-level travel time spent in this place.
 C = Inter-level travel time spent in this place.
 D = Time resting spent in this place.
 E = Time spent auto-exploring this place.
 F = Levels seen in this place.
 G = Mean time per level.
                   A        B        C        D        E       F      G
               +--------+--------+--------+--------+--------+-----+--------+
         Total |   1876 |   1830 |     46 |    836 |    843 |   2 |  938.0 |
       Dungeon |   1876 |   1830 |     46 |    836 |    843 |   2 |  938.0 |
               +--------+--------+--------+--------+--------+-----+--------+

Top non-repeatable levels by time:
     D:1: 1642 daAuts
     D:2: 233 daAuts
